 Dungeon Crawl Stone Soup version 0.28.0-1-gb440e238dd (webtiles) character file.

Game seed: 2212837686775267316

3 horus123 the Insei (level 1, 0/15 HPs)
             Began as a Merfolk Transmuter on Feb 19, 2022.
             Slain by a gnoll (6 damage)
             ... on level 1 of the Dungeon.
             The game lasted 00:00:35 (317 turns).

horus123 the Insei (Merfolk Transmuter)              Turns: 317, Time: 00:00:36

Health: 0/15       AC:  2    Str: 10    XL:     1   Next: 50%
Magic:  2/3        EV: 12    Int: 12    God:
Gold:   0          SH:  0    Dex: 14    Spells: 3/4 levels left

rFire   . . .      SeeInvis .     - Unarmed
rCold   . . .      Faith    .   (no shield)
rNeg    . . .      Spirit   .   a - +0 robe
rPois   .          Reflect  .   (helmet currently unavailable)
rElec   .          Harm     .   (no cloak)
rCorr   .          Rampage  .   (no gloves)
Will    .....                   (boots currently unavailable)
Stlth   +.........              (no amulet)
HPRegen 0.05/turn               (no ring)
MPRegen 0.08/turn               (no ring)

@: appendages (expiring)
A: horns 2, (nimble swimmer 2), mertail
a: End Transformation


You were on level 1 of the Dungeon.
You had temporarily grown beastly horns.
You visited 1 branch of the dungeon, and saw 1 of its levels.

Inventory:

Missiles
 b - 13 sling bullets
Armour
 a - a +0 robe (worn)


   Skills:
 - Level 1.1 Fighting
 - Level 2.6 Dodging
 - Level 3.2 Unarmed Combat
 + Level 2.2 Spellcasting
 - Level 2.6 Transmutations


You had 3 spell levels left.
You knew the following spells:

 Your Spells              Type           Power      Damage    Failure   Level
a - Beastly Appendage     Tmut           14%        N/A       9%          1

Your spell library contained the following spells:

 Spells                   Type           Power      Damage    Failure   Level
 Wereblood                Tmut           7%         N/A       13%         2
 Spider Form              Tmut/Pois      4%         N/A       43%         3
 Ice Form                 Ice/Tmut       4%         N/A       83%         4


Dungeon Overview and Level Annotations

Branches:
Dungeon (1/15)

Altars:


Innate Abilities, Weirdness & Mutations

You have temporarily grown beastly horns.
((You are very nimble when in or above water. (Stealth+, EV+, Speed+++)))
Your lower body shifts to a powerful aquatic tail in water.


Message History

An endoplasm comes into view.
You grow a pair of large bovine horns.
The helpless endoplasm fails to defend itself.
You hit the endoplasm.
The endoplasm is lightly wounded.
The endoplasm hits you but does no damage.
You hit the endoplasm.
The endoplasm is almost dead.
Your transformation is almost over.
The endoplasm barely misses you.
You barely miss the endoplasm.
The endoplasm is almost dead.
The endoplasm hits you.
You hit the endoplasm.
You kill the endoplasm!
No target in view!
Your horns disappear.
You see here 13 sling bullets.
You see here 13 sling bullets.
b - 13 sling bullets
Found 20 stones.
A gnoll comes into view. It is wielding a +0 spear.
You grow a pair of large bovine horns.
The gnoll shouts!
The gnoll closely misses you. The gnoll hits you with a +0 spear!
You barely miss the gnoll. The gnoll closely misses you.
You hit the gnoll. You headbutt the gnoll.
The gnoll is heavily wounded.
The gnoll hits you with a +0 spear.
You hit the gnoll.
The gnoll is severely wounded.
You closely miss the gnoll. You headbutt the gnoll.
The gnoll is severely wounded.
The gnoll misses you.
You barely miss the gnoll.
The gnoll is severely wounded.
Your transformation is almost over.
The gnoll hits you with a +0 spear.
You die...

#################
................#
..#..########...#
##..## #...#
...## #..(#
...8.# #...#
.....+ #...#
.....+ #...###
...8.# #...@.#
...###
#...#g......
....#
#...####....
#.... #...# ###
.#... .....#
.#... ###...# ..
.. ....# ...
.....


You could see a gnoll.

Vanquished Creatures
  An endoplasm (D:1)
  2 kobolds (D:1)
3 creatures vanquished.

Notes
Turn   | Place    | Note
-------+----------+-------------------------------------------
     0 | D:1      | horus123 the Merfolk Transmuter began the quest for the
                  | Orb.
     0 | D:1      | Reached XP level 1. HP: 15/15 MP: 3/3
   317 | D:1      | Slain by a gnoll

Illustrated notes

Levels and vault maps discovered:
D:1:      erik_arrival_cave_to_civilisation [erik_arrival_cave_to_temple],
          layout_loops_ring, shapermc_ecumenical_altar_flowoftime

Action                   || total
-------------------------++-------
Melee: Unarmed           ||    17
       Headbutt          ||     2
 Cast: Beastly Appendage ||     3
 Stab: Sleeping          ||     1
Armor: Robe              ||     2
Dodge: Dodged            ||    12
